 Dungeon Crawl Stone Soup version 0.29.1-1-gd02db6906a (webtiles) character file.

Game seed: 14092988159576017089

4 xian the Magician (level 1, -1/13 HPs)
             Began as a Demonspawn Hedge Wizard on Oct 13, 2022.
             Slain by a jackal (2 damage)
             ... on level 1 of the Dungeon.
             The game lasted 00:00:52 (64 turns).

xian the Magician (Demonspawn Hedge Wizard)           Turns: 64, Time: 00:00:53

Health: -1/13      AC:  2    Str: 10    XL:     1   Next: 58%
Magic:  1/4        EV: 12    Int: 15    God:
Gold:   0          SH:  0    Dex: 12    Spells: 5/6 levels left

rFire   . . .      SeeInvis .   a - +0 dagger
rCold   . . .      Faith    .   (no shield)
rNeg    . . .      Spirit   .   b - +0 robe
rPois   .          Reflect  .   c - +0 hat
rElec   .          Harm     .   (no cloak)
rCorr   .          Rampage  .   (no gloves)
Will    .....                   (no boots)
Stlth   ++........              (no amulet)
HPRegen 0.04/turn               (no ring)
MPRegen 0.09/turn               (no ring)

@: no status effects
A: no striking features
a: no special abilities


You were on level 1 of the Dungeon.
You visited 1 branch of the dungeon, and saw 1 of its levels.

Inventory:

Hand Weapons
 a - a +0 dagger (weapon)
Armour
 b - a +0 robe (worn)
 c - a +0 hat (worn)
Potions
 d - a potion of magic


   Skills:
 + Level 0.3 Short Blades
 + Level 1.7 Dodging
 + Level 1.9 Stealth
 + Level 3.1 Spellcasting
 + Level 1.0 Conjurations
 + Level 1.0 Summonings
 + Level 0.8 Translocations


You had 5 spell levels left.
You knew the following spells:

 Your Spells              Type           Power      Damage    Failure   Level
a - Magic Dart            Conj           20%        1d4       13%         1

Your spell library contained the following spells:

 Spells                   Type           Power      Damage    Failure   Level
 Slow                     Hex            8%         N/A       21%         1
 Call Imp                 Summ           5%         N/A       21%         2
 Blink                    Tloc           8%         N/A       22%         2
 Conjure Flame            Conj/Fire      3%         6-21      43%         3
 Mephitic Cloud           Conj/Pois/Air  3%         N/A       45%         3


Dungeon Overview and Level Annotations

Branches:
Dungeon (1/15)

Altars:


Message History

The jackal is severely wounded.
The jackal closely misses you.
A kobold comes into view. It is wielding a +0 whip.
The rat misses you.
The magic dart hits the jackal.
You kill the jackal!
The jackal bites you. The rat bites you but does no damage.
You are out of magic!
You are out of magic!
You are out of magic!
Unknown command.
The jackal attacks as you move away! The jackal closely misses you.
The rat attacks as you move away! The rat bites you.
You see here a +0 whip.
The jackal closely misses you. The jackal attacks as you move away!
The jackal completely misses you. The jackal bites you.
The jackal attacks as you move away! The jackal bites you.
Things that are here:
5 stones; a kobold corpse The jackal attacks as you move away!
The jackal misses you. The jackal attacks as you move away!
The jackal barely misses you. x2
You barely miss the jackal. The jackal barely misses you.
You hit the jackal but do no damage. The jackal misses you.
The jackal bites you.
You miss the jackal. The jackal bites you.
* * * LOW HITPOINT WARNING * * *
You hit the jackal but do no damage. The jackal completely misses you.
Okay, then.
You aren't carrying any scrolls.
You hit the jackal.
The jackal is moderately wounded.
The jackal barely misses you. x2
Aiming: Magic Dart (safe; 13% risk of failure)
Press: ? - help, Q - select action Shift-Dir - straight line, f - jackal
Aim: a jackal (moderately wounded, 100% to hit)
The magic dart hits the jackal but does no damage.
The jackal is moderately wounded.
The jackal bites you.
You die...

.§.............
..##..§§≈§≈§≈§≈.≈§§≈≈
#.#...§§≈§§...§§≈§..≈
###.....≈≈≈§§§≈.§§≈.§≈≈....
.......≈..>§.§(§§.>§......
###.....≈.≈≈≈.≈.≈≈≈.≈§≈§...
..#.....≈.≈.≈.≈.§.≈§§.≈....
.......)≈≈≈.≈≈≈.§§≈≈≈≈§§#..
#...Kgrh@§...>§§........#
#....g≈≈≈§≈§≈§§§§§≈§§.>..
#....§≈§§§≈.§.≈.≈..<§....
.##....§≈.§≈≈.≈.≈§§.≈§§....
.......§§§.§$.≈..§.§≈......
.###.#..≈≈≈.≈≈≈.§§§§≈§≈....
#.#.)..≈.≈...§§§§..≈§...
#.#..≈§≈.§§≈≈≈.≈≈≈≈≈..##
...................§.#


You could see a jackal, 2 goblins, a kobold and a rat.

Vanquished Creatures
  A jackal (D:1)
  A quokka (D:1)
  2 kobolds (D:1)
4 creatures vanquished.

Notes
Turn   | Place    | Note
-------+----------+-------------------------------------------
     0 | D:1      | xian the Demonspawn Hedge Wizard began the quest for the
                  | Orb.
     0 | D:1      | Reached XP level 1. HP: 13/13 MP: 4/4
    64 | D:1      | Slain by a jackal

Illustrated notes

Levels and vault maps discovered:
D:1:      evilmike_arrival_hilbert_curve, layout_rooms

Action                   || total
-------------------------++-------
Melee: Dagger            ||     7
 Cast: Magic Dart        ||     7
Armor: Robe              ||     1
Dodge: Dodged            ||    16
